 Dungeon Crawl Stone Soup version 0.24.1 (webtiles) character file.

Game seed: 14576039442226455840, levelgen mode: deterministic

348550 Peloso the Minotaur Barricade (level 21, -2/199 HPs)
             Began as a Minotaur Fighter on Mar 24, 2020.
             Was the Champion of Okawaru.
             Killed from afar by a lich (24 damage)
             ... with a crystal spear
             ... while petrified by a lich
             ... on level 4 of the Vaults.
             The game lasted 02:12:58 (52755 turns).

Peloso the Minotaur Barricade (Minotaur Fighter)   Turns: 52755, Time: 02:12:59

Health: -2/199     AC: 34    Str: 40    XL:     21   Next: 23%
Magic:  22/22      EV:  2    Int: 15    God:    Okawaru [******]
Gold:   2768       SH:  0    Dex: 16    Spells: 20/20 levels left

rFire    + + .     SeeInvis .   a - +3 demon blade (flame)
rCold    + . .     Gourm    +   c - +1 large shield {AC+3}
rNeg     + + +     Faith    .   l - +6 chain mail of Cheibriados {rElec rF+ rCorr Int+2}
rPois    ∞         Spirit   .   h - +2 hat "Niddonem" {Str+2}
rElec    +         Reflect  .   U - scarf {cloud immunity}
rCorr    +         Harm     .   Q - +2 pair of gloves {Dex+3}
MR       +....                  T - +2 pair of boots {Fly}
Stlth    ..........             R - amulet of the Trilobite {Gourm rPois Str+6}
HPRegen  0.43/turn              G - ring "Gesch" {rN+ AC+6 Int+4}
MPRegen  0.18/turn              m - ring "Plog" {rF+ rC+ Str+4 Int+4}

@: petrified, flying
A: retaliatory headbutt, horns 2, deformed body
}: 2/15 runes: barnacled, gossamer
a: Heroism, Finesse, Renounce Religion, Stop Flying


You were on level 4 of the Vaults.
You worshipped Okawaru.
Okawaru was exalted by your worship.
You were completely stuffed.

You visited 8 branches of the dungeon, and saw 39 of its levels.
You visited the Abyss 1 time.
You also visited: Sewer and Gauntlet.

You collected 3947 gold pieces.
You spent 1179 gold pieces at shops.

Inventory:

Hand Weapons
 a - a +3 demon blade of flaming (weapon)
 v - the +5 demon blade of Ozikhog {freeze, rElec rN+ MR+ Dex-2}
   (Okawaru gifted it to you on level 4 of the Lair of Beasts)

   It has been specially enchanted to freeze those struck by it, causing extra
   injury to most foes and up to half again as much damage against particularly
   susceptible opponents.
   It can also slow down cold-blooded creatures.
   It affects your dexterity (-2).
   It insulates you from electricity.
   It protects you from negative energy.
   It affects your resistance to hostile enchantments.
 K - the +10 long sword "Tionihia" {antimagic, +Fly rPois Str+8}
   (Okawaru gifted it to you on level 4 of the Vaults)

   It reduces the magical energy of the wielder, and disrupts the spells and
   magical abilities of those hit.
   Natural abilities and divine invocations are not affected.
   It affects your strength (+8).
   It protects you from poison.
   It lets you fly.
Armour
 c - a +1 large shield of protection (worn)
 h - the +2 hat "Niddonem" (worn) {Str+2}
   (Okawaru gifted it to you on level 6 of the Lair of Beasts)

   It affects your strength (+2).
 l - the +6 chain mail of Cheibriados (worn) {rElec rF+ rCorr Int+2}
   (You bought it in a shop on level 2 of the Orcish Mines)

   It affects your intelligence (+2).
   It protects you from fire.
   It insulates you from electricity.
   It provides partial protection from all sources of acid and corrosion.
 F - +0 ice dragon scales
 M - the +1 plate armour of Inviolability {Stlth+}
   (Okawaru gifted it to you on level 4 of the Vaults)

   It makes you more stealthy.
 Q - a +2 pair of gloves of dexterity (worn)
 T - a +2 pair of boots of flying (worn)
 U - a scarf of cloud immunity (worn)
Jewellery
 k - an uncursed ring of protection from fire
 m - the ring "Plog" (right hand) {rF+ rC+ Str+4 Int+4}
   (You found it on level 6 of the Lair of Beasts)

   [ring of protection from cold]

   It affects your strength (+4).
   It affects your intelligence (+4).
   It protects you from fire.
   It protects you from cold.
 z - an uncursed ring of fire {unknown}
 E - an uncursed amulet of regeneration {unknown}
 G - the ring "Gesch" (left hand) {rN+ AC+6 Int+4}
   (You took it off a merfolk on level 4 of the Shoals)

   [ring of protection]

   It affects your AC (+6).
   It affects your intelligence (+4).
   It protects you from negative energy.
 I - an uncursed ring of protection from magic
 R - the amulet of the Trilobite (around neck) {Gourm rPois Str+6}
   (You found it in a Gauntlet)

   [amulet of the gourmand]

   It allows you to eat raw meat even when not hungry.
   It affects your strength (+6).
   It protects you from poison.
Wands
 b - a wand of iceblast (11)
 p - a wand of paralysis (30)
 H - a wand of acid (9)
Scrolls
 e - 8 scrolls of identify
 g - a scroll of noise
 i - 28 scrolls of remove curse
 n - 21 scrolls of teleportation
 r - 7 scrolls of magic mapping
 s - 2 scrolls of amnesia
 t - 5 scrolls of fear
 u - 7 scrolls of blinking
 w - a scroll of enchant armour
 y - a scroll of summoning {unknown}
 D - a scroll of holy word
 J - a scroll of fog
Potions
 d - 7 potions of might
 j - 2 potions of mutation
 o - 2 potions of heal wounds
 q - 2 potions of resistance
 x - a potion of magic
 C - 5 potions of haste
 L - 5 potions of curing
 N - 4 potions of agility
Miscellaneous
 B - a crystal ball of energy
Comestibles
 f - 60 rations
 O - a chunk of flesh


   Skills:
 + Level 19.4 Fighting
 + Level 20.4 Long Blades
 + Level 16.7 Armour
 + Level 8.4 Dodging
 + Level 2.2 Stealth
 O Level 27 Shields
 + Level 2.7 Invocations
 + Level 1.4 Evocations


You had 20 spell levels left.
You didn't know any spells.
Your spell library contained the following spells:

 Spells                   Type           Power        Failure   Level  Hunger
 Animate Skeleton         Necr           N/A          52%         1    ##.....
 Apportation              Tloc           #.....       52%         1    ##.....
 Confusing Touch          Hex            #.....       52%         1    ##.....
 Corona                   Hex            #......      52%         1    ##.....
 Magic Dart               Conj           #...         52%         1    ##.....
 Pain                     Necr           #...         52%         1    ##.....
 Sandblast                Erth           #.....       52%         1    ##.....
 Summon Small Mammal      Summ           #...         52%         1    ##.....
 Blink                    Tloc           N/A          67%         2    ###....
 Call Imp                 Summ           #.......     67%         2    ###....
 Corpse Rot               Necr           N/A          67%         2    ###....
 Ensorcelled Hibernation  Hex/Ice        #.....       67%         2    ###....
 Passwall                 Tmut/Erth      #.......     67%         2    ###....
 Shroud of Golubria       Chrm/Tloc      #.....       67%         2    ###....
 Slow                     Hex            #.......     67%         2    ###....
 Sublimation of Blood     Necr           #.........   67%         2    ###....
 Call Canine Familiar     Summ           #.......     88%         3    ####...
 Confuse                  Hex            #.......     88%         3    ####...
 Conjure Flame            Conj/Fire      #.......     88%         3    ####...
 Dazzling Spray           Conj/Hex       #.....       88%         3    ####...
 Gell's Gravitas          Tloc           #.........   88%         3    ####...
 Lesser Beckoning         Tloc           #.........   88%         3    ####...
 Mephitic Cloud           Conj/Pois/Air  #.......     88%         3    ####...
 Portal Projectile        Hex/Tloc       #.....       88%         3    ####...
 Recall                   Summ/Tloc      N/A          88%         3    ####...
 Regeneration             Chrm/Necr      #.........   88%         3    ####...
 Stone Arrow              Conj/Erth      #.....       88%         3    ####...
 Summon Guardian Golem    Hex/Summ       #.......     88%         3    ####...
 Teleport Other           Tloc           #.......     88%         3    ####...
 Tukima's Dance           Hex            #.......     88%         3    ####...
 Vampiric Draining        Necr           #.........   88%         3    ####...
 Animate Dead             Necr           N/A          99%         4    #####..
 Force Lance              Conj/Tloc      #.......     99%         4    #####..
 Olgreb's Toxic Radiance  Pois           #.......     99%         4    #####..
 Passage of Golubria      Tloc           N/A          99%         4    #####..
 Petrify                  Tmut/Erth      #.......     99%         4    #####..
 Summon Ice Beast         Ice/Summ       #.......     99%         4    #####..
 Summon Lightning Spire   Summ/Air       #.......     99%         4    #####..
 Alistair's Intoxication  Tmut/Pois      #.......     100%        5    ######.
 Blade Hands              Tmut           #.........   100%        5    ######.
 Borgnjor's Vile Clutch   Necr/Erth      #.........   100%        5    ######.
 Dispel Undead            Necr           #.......     100%        5    ######.
 Excruciating Wounds      Chrm/Necr      #.........   100%        5    ######.
 Irradiate                Conj/Tmut      #.........   100%        5    ######.
 Lee's Rapid Deconstruct  Erth           #.........   100%        5    ######.
 Death Channel            Necr           #.........   100%        6    #######
 Dispersal                Tloc           #.........   100%        6    #######
 Simulacrum               Ice/Necr       #.........   100%        6    #######
 Controlled Blink         Tloc           N/A          100%        8    #######
 Disjunction              Tloc           #.........   100%        8    #######


Dungeon Overview and Level Annotations

Branches:
Dungeon (14/15)            Temple (1/1) D:5            Lair (6/6) D:9
 Shoals (4/4) Lair:2       Spider (4/4) Lair:3        Slime (0/5) Lair:6
    Orc (2/2) D:10            Elf (3/3) Orc:2        Vaults (5/5) D:13
  Crypt (0/3) Vaults:3      Sewer (visited)         Gauntlet (visited)

Altars:
Ashenzari
Dithmenos
Elyvilon
Fedhas
Hepliaklqana
Kikubaaqudgha
Makhleb
Nemelex Xobeh
Okawaru
Ru
Sif Muna
Uskayaw
Vehumet
Wu Jian
Xom
Zin
The Shining One
Beogh
Jiyva

Shops:
D:4 [   D:10 (   Orc:2 }*[*   Elf:2 }(   Shoals:2 [(=:%   Vaults:2 %
Vaults:3 [   Vaults:4 (:*[?

Annotations:
D:3 1 runed translucent door, terminal's ghost, weakling SpVM
Lair:6 1 runed translucent door


Innate Abilities, Weirdness & Mutations

You reflexively headbutt those who attack you in melee.
You have a pair of horns on your head.
Armour fits poorly on your strangely shaped body.


Message History

The lich touches you but does no damage.
The war gargoyle launches metal splinters at you.
The spray of metal splinters hits you but does no damage.
The lich touches you but does no damage.
The lich touches you but does no damage.
The war gargoyle hits you but does no damage.
The lich touches you but does no damage.
The war gargoyle hits you with a +5 flail of crushing!!
* * * LOW HITPOINT WARNING * * *
x2 The lich gestures at you while chanting.
The crystal spear hits you!!
* * * LOW HITPOINT WARNING * * *
The war gargoyle hits you with a +5 flail of crushing.
* * * LOW HITPOINT WARNING * * *
The lich gestures at you while chanting.
You struggle to resist.
You feel like a meek peon again.
The lich points at you and mumbles some strange words.
The crystal spear hits you!!!
You die...

#........# #.....⌠.⌠#
#........# #......∩.#
#........# #.....⌠.⌠#
#........#####'######
#........'......#
##########..∩...#
########......######
#.[[[..#......#.....
#.L@[..#......'.....
####
#.[[9..'......#.....
###..###
#..[...########.....
##......# #......#
#....#
#...##..###......#
#....#
##..####..#########
###### #..#####..#
#..##....##
#..##....###


You could see a lich and a war gargoyle.

Vanquished Creatures
  Mara (Shoals:4)
  Bai Suzhen (Shoals:4)
  Saint Roka (Elf:2)
  Nikola (Spider:1)
  Arachne (Spider:2)
  Jorgrun (Spider:2)
  Rupert (Spider:1)
  A titan (Vaults:4)
  A kraken (Shoals:3)
  2 deep elf blademasters
  2 deep elf master archers (Elf:3)
  Polyphemus (Shoals:1)
  A sphinx (Vaults:3)
  A shadow dragon (Vaults:4)
  A fire giant (Vaults:4)
  An orc warlord (Orc:1)
  2 frost giants
  9 deep elf sorcerers
  3 emperor scorpions (Spider:4)
  5 ghost moths
  8 vault wardens
  5 deep elf elementalists
  7 ironheart preservers
  5 stone giants
  6 deep elf demonologists
  A minotaur (shapeshifter) (Vaults:2)
  A minotaur (Gauntlet)
  11 deep elf annihilators
  Snorg (Orc:2)
  2 merfolk javelineers (Shoals:4)
  3 fire dragons
  7 merfolk impalers
  A great orb of eyes (Vaults:5)
  5 deep elf death magi (Elf:3)
  Erolcha (D:11)
  2 ettins (Vaults:3)
  9 deep elf high priests
  4 yaktaur captains
  6 hydras
  Fannar (Lair:1)
  A catoblepas (Shoals:1)
  22 vault guards
  5 centaur warriors
  3 ice dragons
  4 merfolk avatars
  3 alligator snapping turtles
  16 two-headed ogres
  28 dancing weapons
  9 merfolk aquamancers
  2 death knights
  A hell hog (Gauntlet)
  A tengu warrior (D:13)
  6 ogre magi
  A satyr (Shoals:4)
  3 death yaks (Shoals:1)
  6 orc high priests
  A vampire mage (Vaults:3)
  Sonja (Lair:1)
  17 deep elf knights
  A skeletal warrior (D:13)
  2 sixfirhies (Gauntlet)
  A tengu zombie (Vaults:2)
  13 sea snakes
  15 deep elf archers
  A swamp dragon (shapeshifter) (D:13)
  3 deep trolls (Vaults:2)
  2 wizards
  9 ironbrand convokers
  3 necromancers
  A wolf spider zombie (D:13)
  An obsidian statue (Vaults:3)
  10 orc knights
  33 harpies
  4 orc sorcerers
  19 orb spiders
  68 deep elf magi
  A human zombie (Vaults:2)
  A stone giant zombie (Vaults:3)
  14 ugly things
  A frost giant zombie (Vaults:2)
  36 wolf spiders
  3 fauns (Shoals:3)
  A cyclops (D:12)
  9 manticores
  A sphinx skeleton (Vaults:2)
  4 elephants (Lair:5)
  2 moths of wrath
  A rust devil (Gauntlet)
  8 merfolk sirens
  A guardian serpent (Lair:6)
  Joseph (Lair:1)
  A frost giant skeleton (Vaults:3)
  5 water nymphs
  11 black mambas
  11 vault sentinels
  Psyche (D:10)
  A torpor snail (Spider:2)
  A gargoyle (D:9)
  2 rime drakes
  16 spiny frogs
  3 freezing wraiths
  6 komodo dragons
  A kobold demonologist (D:13)
  10 demonic crawlers
  A komodo dragon (shapeshifter) (Vaults:3)
  30 yaktaurs
  A human skeleton (Vaults:3)
  A merfolk (shapeshifter) (Vaults:4)
  A yaktaur skeleton (Vaults:2)
  A queen bee (shapeshifter) (Vaults:4)
  26 merfolk
  A meliai (shapeshifter) (Vaults:1)
  27 jumping spiders
  5 trolls
  Prince Ribbit (D:7)
  11 hornets
  9 wind drakes
  7 hippogriffs
  9 snapping turtles
  7 blink frogs
  A fire giant simulacrum (Vaults:3)
  3 air elementals
  61 redbacks
  15 water elementals
  A ynoxinul (Gauntlet)
  Eustachio (D:6)
  16 tarantellas
  3 wraiths
  4 vampires
  3 fire elementals
  39 yaks
  A hungry ghost (D:8)
  A basilisk (Lair:2)
  12 wyverns
  A hog (shapeshifter) (D:13)
  4 fire bats (Gauntlet)
  A golden eye (shapeshifter) (D:13)
  2 vampire mosquitoes (D:14)
  2 human simulacra
  3 wargs
  2 soldier ants (D:13)
  2 acid dragons
  A hell hound (Gauntlet)
  A water moccasin (shapeshifter) (Elf:2)
  10 porcupines
  17 water moccasins
  3 ice beasts
  4 sky beasts
  An eye of draining (D:9)
  46 orc warriors
  5 phantoms
  3 black bears
  7 boggarts
  An elf zombie (Vaults:2)
  22 ogres
  A necrophage (D:13)
  12 wolves
  A tengu (shapeshifter) (Vaults:4)
  23 centaurs
  An elf skeleton (Vaults:2)
  7 crocodiles
  10 big kobolds
  Blork the orc (D:6)
  12 bullfrogs
  A gnoll sergeant (D:12)
  3 earth elementals
  2 wyvern skeletons (D:13)
  7 scorpions
  7 killer bees
  3 howler monkeys
  10 wights
  8 electric eels
  2 vampire bats (D:8)
  8 crimson imps
  A centaur zombie (D:10)
  A lava snake (D:9)
  A gnoll shaman (D:8)
  3 quasits
  5 hounds
  2 jellies
  2 bullfrog skeletons
  41 orc priests
  Crazy Yiuf (D:6)
  26 orc wizards
  2 iron imps (Gauntlet)
  5 centaur skeletons
  3 iguanas
  13 worker ants
  A hound skeleton (D:8)
  2 worker ant zombies
  20 gnolls
  12 adders
  A river rat (D:4)
  4 shadow imps
  12 white imps (D:13)
  4 oozes
  An adder zombie (D:5)
  11 worms
  3 dart slugs
  3 leopard geckos
  99 orcs
  9 bats
  4 bat skeletons (D:8)
  2 bat zombies (D:8)
  13 giant cockroaches
  8 goblins
  9 hobgoblins
  8 jackals
  4 quokkas
  2 ball pythons
  5 frilled lizards
  15 kobolds
  A leopard gecko zombie (D:7)
  19 rats
  2 crawling corpses (Elf:3)
  3 fungi
  9 plants
1540 creatures vanquished.

Vanquished Creatures (others)
  A deep elf knight (Elf:3)
  A deep elf archer (Elf:3)
  An orange crystal statue (Elf:2)
  An orb spider (Spider:4)
  A jumping spider (Spider:4)
  A tarantella (Spider:4)
  2 orc warriors
  2 bullfrogs (D:6)
  A scorpion (D:6)
  An adder (D:6)
  An orc (D:13)
  A quokka skeleton (D:6)
  13 fungi
  19 plants
  4 tentacles (Shoals:3)
50 creatures vanquished.

Grand Total: 1590 creatures vanquished

Notes
Turn   | Place    | Note
-------+----------+-------------------------------------------
     0 | D:1      | Peloso the Minotaur Fighter began the quest for the Orb.
     0 | D:1      | Reached XP level 1. HP: 19/19 MP: 0/0
    90 | D:1      | Reached XP level 2. HP: 23/27 MP: 1/1
   317 | D:1      | You fall into a shaft and drop 1 floor!
   322 | D:2      | Reached XP level 3. HP: 33/34 MP: 2/2
   659 | D:2      | Reached skill level 4 in Shields
  1454 | D:3      | Found a sacrificial altar of Ru.
  1467 | D:3      | Reached XP level 4. HP: 35/41 MP: 3/3
  1496 | D:3      | Found a runed translucent door.
  1496 | D:3      | Noticed terminal's ghost (weakling SpVM)
  1987 | D:3      | Reached XP level 5. HP: 27/47 MP: 4/4
  2296 | D:3      | Found a glowing silver altar of Zin.
  2531 | D:4      | Reached skill level 5 in Shields
  2604 | D:4      | Noticed a phantom
  2617 | D:4      | Killed a phantom
  2617 | D:4      | Reached skill level 5 in Long Blades
  2617 | D:4      | Reached XP level 6. HP: 42/53 MP: 5/5
  2680 | D:4      | Found Lilyotz's Antique Armour Boutique.
  2814 | D:4      | Found a glowing drain.
  2823 | Sewer    | Entered a sewer
  2895 | Sewer    | Reached skill level 6 in Shields
  2954 | Sewer    | Reached XP level 7. HP: 60/60 MP: 6/6
  3169 | Sewer    | Reached skill level 5 in Fighting
  3169 | Sewer    | Reached skill level 5 in Armour
  3325 | Sewer    | Reached skill level 1 in Dodging
  3325 | Sewer    | Reached skill level 7 in Shields
  3503 | D:4      | Reached XP level 8. HP: 68/68 MP: 7/7
  3504 | D:4      | Found a burning altar of Makhleb.
  3504 | D:4      | Found a shimmering blue altar of Sif Muna.
  3505 | D:4      | Found a white marble altar of Elyvilon.
  3505 | D:4      | Found an ornate altar of the Wu Jian Council.
  3901 | D:5      | Entered Level 5 of the Dungeon
  4254 | D:5      | Reached skill level 8 in Shields
  4686 | D:5      | Found a staircase to the Ecumenical Temple.
  4700 | D:5      | Found a hide-covered altar of Uskayaw.
  4700 | D:5      | Noticed a +0 dagger
  4701 | D:5      | Noticed a -1 hand axe
  4831 | Temple   | Entered the Ecumenical Temple
  4855 | Temple   | Became a worshipper of Warmaster Okawaru
  4909 | D:6      | Found a shadowy altar of Dithmenos.
  4909 | D:6      | Noticed Eustachio
  4929 | D:6      | Killed Eustachio
  5014 | D:6      | Reached skill level 9 in Shields
  5170 | D:6      | Found a runed translucent door.
  5171 | D:6      | Noticed Crazy Yiuf
  5202 | D:6      | Noticed Blork the orc
  5214 | D:6      | Killed Blork the orc
  5214 | D:6      | Reached * piety under Okawaru
  5214 | D:6      | Reached XP level 9. HP: 61/75 MP: 8/8
  5260 | D:6      | Found a shimmering altar of Xom.
  5628 | D:6      | Killed Crazy Yiuf
  5822 | D:7      | Reached skill level 10 in Shields
  6224 | D:7      | Noticed Prince Ribbit
  6533 | D:7      | Reached ** piety under Okawaru
  6559 | D:7      | Killed Prince Ribbit
  6744 | D:8      | Reached skill level 10 in Long Blades
  6744 | D:8      | Reached skill level 11 in Shields
  6932 | D:8      | Found an ancient bone altar of Kikubaaqudgha.
  7086 | D:8      | Found a hide-covered altar of Uskayaw.
  7188 | D:8      | Reached XP level 10. HP: 81/86 MP: 9/9
  7682 | D:9      | Reached *** piety under Okawaru
  7683 | D:9      | Noticed a gargoyle
  7710 | D:9      | Killed a gargoyle
  7924 | D:9      | Reached skill level 12 in Shields
  7992 | D:9      | Found a staircase to the Lair.
  8546 | D:9      | Found a radiant altar of Vehumet.
  8790 | D:9      | Reached **** piety under Okawaru
  8871 | D:10     | Entered Level 10 of the Dungeon
  8874 | D:10     | Found Fyofagyo's Antique Weapon Shop.
  8904 | D:10     | Noticed a two-headed ogre
  8923 | D:10     | Killed a two-headed ogre
  8923 | D:10     | Received a gift from Okawaru
  9103 | D:10     | Reached skill level 1 in Evocations
  9154 | D:10     | Noticed Psyche
  9161 | D:10     | Killed Psyche
  9161 | D:10     | Reached XP level 11. HP: 42/95 MP: 10/10
  9380 | D:10     | Found a staircase to the Orcish Mines.
  9917 | D:11     | Reached skill level 13 in Shields
  9998 | D:11     | Reached ***** piety under Okawaru
 10337 | D:11     | Noticed a centaur warrior
 10367 | D:11     | Killed a centaur warrior
 10367 | D:11     | Received a gift from Okawaru
 10523 | D:11     | Noticed Erolcha
 10533 | D:11     | Killed Erolcha
 10817 | D:11     | Noticed a green ugly thing
 10835 | D:11     | Killed a green ugly thing
 11103 | D:12     | Noticed a red ugly thing
 11114 | D:12     | Killed a red ugly thing
 11114 | D:12     | Reached skill level 14 in Shields
 11425 | D:12     | Noticed a brown ugly thing
 11434 | D:12     | Killed a brown ugly thing
 11443 | D:12     | Found Jaugur's Magic Scroll Shoppe.
 11699 | Lair:1   | Entered Level 1 of the Lair of Beasts
 11699 | Lair:1   | Noticed Fannar
 11713 | D:9      | Reached XP level 12. HP: 78/105 MP: 12/12
 11972 | Lair:1   | Killed Fannar
 12388 | Lair:1   | Noticed Joseph
 12406 | Lair:1   | Killed Joseph
 12406 | Lair:1   | Reached skill level 15 in Shields
 12442 | Lair:1   | Noticed a five-headed hydra
 12450 | Lair:1   | Killed a one-headed hydra
 12450 | Lair:1   | Reached skill level 1 in Invocations
 12456 | Lair:1   | Noticed Sonja
 12462 | Lair:1   | Killed Sonja
 12875 | Lair:2   | Noticed a six-headed hydra
 12884 | Lair:2   | Killed a two-headed hydra
 12884 | Lair:2   | Reached skill level 10 in Fighting
 13320 | Lair:2   | Noticed an eight-headed hydra
 13331 | Lair:2   | Killed a five-headed hydra
 13331 | Lair:2   | Received a gift from Okawaru
 13359 | Lair:2   | Reached skill level 16 in Shields
 13368 | Lair:2   | Reached skill level 10 in Armour
 13573 | Lair:2   | Found a staircase to the Shoals.
 13904 | Lair:3   | Reached XP level 13. HP: 110/114 MP: 13/13
 13931 | Lair:3   | Found a hole to the Spider Nest.
 14908 | Lair:4   | Reached ****** piety under Okawaru
 15370 | Lair:4   | Reached skill level 17 in Shields
 15435 | Lair:4   | Received a gift from Okawaru
 15439 | Lair:4   | Got a crude demon blade {god gift}
 15440 | Lair:4   | Identified the +5 demon blade of Ozikhog {freeze, rElec rN+
                  | MR+ Dex-2} (Okawaru gifted it to you on level 4 of the Lair
                  | of Beasts)
 16133 | D:13     | Found a frozen archway.
 16180 | D:13     | Found a gate leading to a gauntlet.
 16189 | Gauntlet | Entered a Gauntlet
 16189 | Gauntlet | Found a transporter.
 16189 | Gauntlet | Found a transporter.
 16194 | Gauntlet | Found a transporter.
 16210 | Gauntlet | Found a transporter.
 16228 | Gauntlet | Found a transporter.
 16243 | Gauntlet | Found a transporter.
 16264 | Gauntlet | Found a transporter.
 16340 | Gauntlet | Found a transporter.
 16345 | Gauntlet | Found a transporter.
 16349 | Gauntlet | Found a transporter.
 16364 | Gauntlet | Found a transporter.
 16372 | Gauntlet | Found a transporter.
 16375 | Gauntlet | Found a transporter.
 16483 | Gauntlet | Found a transporter.
 16596 | Gauntlet | Got a slimy lead amulet
 16946 | Gauntlet | Noticed a minotaur
 16964 | Gauntlet | Killed a minotaur
 16983 | Gauntlet | Identified the amulet of the Trilobite {Gourm rPois Str+6}
                  | (You found it in a Gauntlet)
 16984 | Gauntlet | Identified Sif Muna's Catalogue of Vitriolic Shape Shifting
 16991 | Gauntlet | Got an ivory dagger
 17317 | D:13     | Received a gift from Okawaru
 17334 | D:13     | Reached skill level 18 in Shields
 17386 | D:13     | Reached XP level 14. HP: 125/125 MP: 14/14
 17514 | D:13     | Found a gate to the Vaults.
 17577 | D:13     | Received a gift from Okawaru
 17595 | D:13     | Got a transparent plate armour {god gift}
 17610 | D:13     | Identified the +9 plate armour "Riust" {-Tele +Fly rF++
                  | rCorr} (Okawaru gifted it to you on level 13 of the
                  | Dungeon)
 17764 | D:13     | Got a fine great mace
 18062 | Lair:1   | Identified the +5 dagger "Amielorr" {flame, rF+} (You found
                  | it in a Gauntlet)
 18066 | Lair:1   | Identified the +6 great mace of the Hundredfold Dreams
                  | {venom, +Fly rF- Str+3} (You found it on level 13 of the
                  | Dungeon)
 18210 | Orc:1    | Entered Level 1 of the Orcish Mines
 18503 | Orc:2    | Entered Level 2 of the Orcish Mines
 18568 | Orc:2    | Noticed an orc warlord
 18826 | Orc:1    | Reached skill level 15 in Long Blades
 18990 | Orc:1    | Killed an orc warlord
 19016 | Orc:1    | Reached skill level 19 in Shields
 19909 | Orc:2    | Received a gift from Okawaru
 19942 | Orc:2    | Got a twisted lajatang {god gift}
 19960 | Orc:2    | Found Iwanyi's Antique Armour Boutique.
 19960 | Orc:2    | Found Acrin's General Store.
 19961 | Orc:2    | Found Alecotur's Gadget Boutique.
 19961 | Orc:2    | Found Ziun's Assorted Antiques.
 19978 | Orc:2    | Bought a spiked chain mail for 275 gold pieces
 19990 | Orc:2    | Identified the +6 chain mail of Cheibriados {rElec rF+
                  | rCorr Int+2} (You bought it in a shop on level 2 of the
                  | Orcish Mines)
 19991 | Orc:2    | Bought a metallic red potion for 35 gold pieces
 19991 | Orc:2    | Bought a scroll of magic mapping for 136 gold pieces
 20112 | Orc:2    | Found a staircase to the Elven Halls.
 20336 | Orc:1    | Noticed Snorg
 20355 | Orc:2    | Killed Snorg
 20989 | Orc:1    | Found a roughly hewn altar of Beogh.
 21485 | Lair:5   | Reached skill level 20 in Shields
 21967 | Lair:6   | Entered Level 6 of the Lair of Beasts
 22066 | Lair:6   | Identified the +7 lajatang of the Heavens {drain, rF- rC-
                  | Int+7 Dex+6} (Okawaru gifted it to you on level 2 of the
                  | Orcish Mines)
 22172 | Lair:6   | Received a gift from Okawaru
 22175 | Lair:6   | Got an ancient hat {god gift}
 22181 | Lair:6   | Identified the +2 hat "Niddonem" {Str+2} (Okawaru gifted it
                  | to you on level 6 of the Lair of Beasts)
 22186 | Lair:6   | Got a transparent lapis lazuli ring
 22187 | Lair:6   | Identified the ring "Plog" {rF+ rC+ Str+4 Int+4} (You found
                  | it on level 6 of the Lair of Beasts)
 22355 | Lair:6   | Reached skill level 1 in Stealth
 22444 | Lair:6   | Reached XP level 15. HP: 134/134 MP: 15/15
 22606 | Lair:6   | Found a runed translucent door.
 22606 | Lair:6   | Found a viscous altar of Jiyva.
 22606 | Lair:6   | Found a staircase to the Slime Pits.
 22783 | Lair:6   | Identified Kereirei's Collected Works on Dark Arts
 23128 | Spider:1 | Entered Level 1 of the Spider Nest
 23128 | Spider:1 | Noticed Nikola
 23141 | Spider:1 | Killed Nikola
 23273 | Spider:1 | Noticed Rupert
 23283 | Spider:1 | Killed Rupert
 24190 | Spider:2 | Reached skill level 21 in Shields
 24221 | Spider:2 | Noticed Arachne
 24233 | Spider:2 | Killed Arachne
 24233 | Spider:2 | Received a gift from Okawaru
 24383 | Spider:2 | Noticed Jorgrun
 24396 | Spider:2 | Killed Jorgrun
 24412 | Spider:2 | Killed a ghost moth
 25045 | Spider:2 | Identified Herhuce's Tome of the Compass and Enhancements
 25855 | Spider:2 | Reached XP level 16. HP: 53/145 MP: 16/16
 26374 | Spider:3 | Received a gift from Okawaru
 27437 | Spider:4 | Entered Level 4 of the Spider Nest
 27446 | Spider:4 | Reached skill level 22 in Shields
 27782 | Spider:4 | HP: 3/146 [disintegration (31)]
 28460 | Spider:4 | Received a gift from Okawaru
 28463 | Spider:4 | Got a steaming chain mail {god gift}
 28483 | Spider:3 | Identified the +0 chain mail of Vampiric Thralls {MR+ rCorr
                  | Int+4 Stlth+} (Okawaru gifted it to you on level 4 of the
                  | Spider Nest)
 29512 | Spider:4 | Got a pair of spiked boots
 29634 | Spider:4 | Identified the cursed +0 pair of boots of Prudence {rF+
                  | Int+2 Dex-5} (You found it on level 4 of the Spider Nest)
 30402 | Spider:4 | Got a gossamer rune of Zot
 30979 | Elf:1    | Entered Level 1 of the Elven Halls
 31182 | Elf:1    | Gained mutation: Armour fits poorly on your strangely
                  | shaped body. [a neqoxec]
 31293 | Elf:1    | Found a radiant altar of Vehumet.
 31305 | Elf:1    | Received a gift from Okawaru
 31469 | Elf:1    | Reached skill level 23 in Shields
 31559 | Elf:1    | Reached XP level 17. HP: 137/154 MP: 17/17
 32288 | Elf:2    | Found Widd's Antique Weapon Boutique.
 32291 | Elf:2    | Bought a smoking scimitar for 396 gold pieces
 32291 | Elf:2    | Identified the +4 scimitar "Binian" {freeze, Str+3 Dex+2}
                  | (You bought it in a shop on level 2 of the Elven Halls)
 32329 | Elf:2    | Received a gift from Okawaru
 32731 | Elf:2    | Found Viat's Gadget Shop.
 32798 | Elf:2    | Reached skill level 15 in Fighting
 32805 | Elf:2    | Found a huge runed translucent gate.
 32805 | Elf:2    | Found a huge runed translucent gate.
 32805 | Elf:2    | Found a huge runed translucent gate.
 32806 | Elf:2    | Found a huge runed translucent gate.
 32809 | Elf:2    | Found a huge runed translucent gate.
 33301 | Elf:3    | Entered Level 3 of the Elven Halls
 33612 | Elf:3    | Received a gift from Okawaru
 34195 | Elf:3    | Noticed a deep elf master archer
 34199 | Elf:3    | Noticed an Ice Fiend
 34223 | Elf:3    | Killed a deep elf master archer
 35223 | Elf:3    | Received a gift from Okawaru
 35223 | Elf:3    | Reached skill level 5 in Dodging
 35226 | Elf:3    | Got a transparent shield {god gift}
 35252 | Elf:2    | Identified the +0 shield "Qynussaa" {Dex+4} (Okawaru gifted
                  | it to you on level 3 of the Elven Halls)
 35406 | Elf:3    | Noticed a deep elf master archer
 35753 | Elf:3    | Reached skill level 24 in Shields
 35757 | Elf:3    | Killed a deep elf master archer
 35852 | Elf:3    | Reached XP level 18. HP: 159/166 MP: 18/18
 36566 | Elf:3    | Found the ring of the Mage {Wiz MR++ Int+3}
 36976 | Elf:3    | Got a jewelled long sword
 36977 | Elf:3    | Identified the cursed +1 long sword of Radicalism {flame,
                  | +Inv Dex+3} (You found it on level 3 of the Elven Halls)
 37215 | Lair:1   | Identified a scroll of acquirement
 37697 | Elf:3    | Reached skill level 15 in Armour
 38688 | Elf:2    | Noticed Saint Roka
 38724 | Elf:2    | Received a gift from Okawaru
 38745 | Elf:2    | Killed Saint Roka
 39078 | Elf:2    | Reached skill level 25 in Shields
 39814 | Shoals:1 | Entered Level 1 of the Shoals
 40737 | Shoals:2 | Noticed Polyphemus
 41087 | Shoals:1 | Received a gift from Okawaru
 41315 | Shoals:1 | Killed Polyphemus
 41323 | Shoals:2 | Reached XP level 19. HP: 169/174 MP: 19/19
 41337 | Shoals:2 | Found Filitiv's Weapon Emporium.
 41352 | Shoals:2 | Found Geeke's Book Shop.
 41408 | Shoals:2 | Found Lyimm's Food Emporium.
 41486 | Shoals:2 | Found Seuj's Jewellery Shop.
 41509 | Shoals:2 | Bought a cursed ring of attention for 49 gold pieces
 41547 | Shoals:2 | Found Biurr's Armour Emporium.
 42331 | Shoals:3 | Received a gift from Okawaru
 43057 | Shoals:4 | Entered Level 4 of the Shoals
 43090 | Shoals:4 | Identified the ring of Vehumet's Reproof {MP+9 Stlth-}
 43429 | Shoals:4 | Noticed Bai Suzhen
 43462 | Shoals:4 | Killed Bai Suzhen
 44020 | Shoals:4 | Noticed Mara
 44043 | Shoals:4 | Noticed Peloso's illusion
 44045 | Shoals:4 | Killed Mara
 44045 | Shoals:4 | Reached skill level 26 in Shields
 44101 | Shoals:4 | Identified the ring "Gesch" {rN+ AC+6 Int+4}
 44432 | Shoals:4 | Received a gift from Okawaru
 44630 | Shoals:4 | Got a barnacled rune of Zot
 45874 | Vaults:1 | Entered Level 1 of the Vaults
 47442 | Vaults:2 | Reached XP level 20. HP: 47/184 MP: 21/21
 47445 | Vaults:2 | Received a gift from Okawaru
 48420 | Vaults:2 | Found Lecziamu's Food Shoppe.
 48813 | Vaults:3 | Reached skill level 27 in Shields
 49262 | Vaults:3 | Found a staircase to the Crypt.
 49325 | Vaults:3 | Found Ymiaz's Armour Shoppe.
 50123 | Vaults:3 | Received a gift from Okawaru
 50485 | Vaults:4 | Found Xeozaet's Armour Shop.
 50497 | Vaults:4 | Found Van Huck's Magic Scroll Boutique.
 50503 | Vaults:4 | Bought a scroll of teleportation for 51 gold pieces
 50503 | Vaults:4 | Bought a scroll of teleportation for 51 gold pieces
 50503 | Vaults:4 | Bought a scroll of magic mapping for 59 gold pieces
 50503 | Vaults:4 | Bought a scroll of blinking for 127 gold pieces
 50512 | Vaults:4 | Found Ehodghye's Assorted Antiques.
 50548 | Vaults:4 | Found Wadwuuxil's Weapon Boutique.
 50555 | Vaults:4 | Found Uqipsogis's Book Shop.
 50625 | Vaults:4 | Received a gift from Okawaru
 50643 | Vaults:4 | Cast into level 3 of the Abyss (a deep elf demonologist)
 50648 | Vaults:4 | Escaped the Abyss
 51048 | Vaults:4 | Got a shimmering long sword {god gift}
 51049 | Vaults:4 | Identified the +10 long sword "Tionihia" {antimagic, +Fly
                  | rPois Str+8} (Okawaru gifted it to you on level 4 of the
                  | Vaults)
 51685 | Vaults:4 | Received a gift from Okawaru
 51688 | Vaults:4 | Got a smelly plate armour {god gift}
 51699 | Vaults:4 | Identified the +1 plate armour of Inviolability {Stlth+}
                  | (Okawaru gifted it to you on level 4 of the Vaults)
 52050 | Vaults:5 | Entered Level 5 of the Vaults
 52088 | Vaults:4 | Reached XP level 21. HP: 163/196 MP: 8/22
 52755 | Vaults:4 | Killed from afar by a lich

Levels and vault maps discovered:
D:1:      dpeg_arrival_houses_and_road, layout_loops_ring, minmay_tromino_v4_c
D:2:      minmay_general_purpose_star, layout_basic, first_ration,
          minmay_diced_spiral
D:3:      layout_basic, zin_statuary, gammafunk_ghost_grave, skrybe_limestone_x,
          serial_park_tiny_2, chequers_arboretum,
          nicolae_ru_sacrificial_ziggurat
D:4:      layout_basic, chequers_temple_overflow_statue_of_worship,
          serial_shops, shop, lightli_sewer_entry_pipes
D:5:      layout_cave_pods, dancing_weapons_uskayaw,
          minmay_temple_entry_antechambers, minivault_1
D:6:      layout_cave_pools, xom_confusion_cloud, basic_altar,
          minmay_misc_feat_alley, uniq_crazy_yiuf_cottage, uniq_blork_the_orc,
          uniq_eustachio
D:7:      layout_loops_corners, grunt_ogre_cave, uniq_prince_ribbit1
D:8:      layout_loops_corners, kennysheep_vampire_church, basic_altar
D:9:      minmay_bloctagon_deflated, layout_irregular_city,
          vehumet_altar_wand_db, due_lair_maze_entry_diamond,
          kennysheep_another_room
D:10:     layout_basic, david_orc_3, serial_shops, nicolae_shop_stone,
          uniq_psyche
D:11:     layout_long_grid, uniq_erolcha
D:12:     layout_rooms, serial_shops, nicolae_shop_stone
D:13:     layout_roguey, hangedman_vaults_entry_quadrant_bands,
          gauntlet_entry_generic, portal_ice_cave_entry_imps,
          serial_bayou_pond_b
D:14:     layout_loops_ring, uniq_agnes
Temple:   dshaligram_water_room_temple
Lair:1:   layout_small_grid, uniq_joseph, uniq_sonja, uniq_fannar
Lair:2:   layout_chaotic_city, minmay_shoals_entry_hut, ldierk_geyser,
          grunt_megastairs_5, lemuel_fruit_fields
Lair:3:   layout_cave_pods, spider_nest_entry_webs, minivault_24
Lair:4:   layout_cave_pods, grunt_megastairs_4
Lair:5:   layout_concentric_octagons, chequers_serial_rivers_small_3,
          nicolae_quartered_pool_medium
Lair:6:   hangedman_lair_tendril_chambers, layout_regular_city, slime_altar_2,
          chequers_serial_rivers_small_b
Shoals:1: layout_shoals, nicolae_shoals_loop_pool
Shoals:2: layout_shoals, serial_shops, shop, shop, shop, shop, shop,
          uniq_polyphemus
Shoals:3: layout_shoals
Shoals:4: shoals_end_grunt_ice, layout_shoals, uniq_mara, uniq_bai_suzhen
Spider:1: layout_spider_delve, uniq_nikola, uniq_rupert
Spider:2: layout_spider_delve, nicolae_spider_circle_web, uniq_jorgrun,
          uniq_arachne
Spider:3: layout_spider_delve
Spider:4: grunt_spider_rune_island
Orc:1:    layout_caves, david_defended_altar_orc, uniq_snorg
Orc:2:    st_orc_pillars, layout_caves
Elf:1:    eino_elf_arrival_altar, layout_geoelf_diagonals,
          hangedman_elf_represent, grunt_ministairs_10, st_stairs_5,
          nicolae_elf_v_pinch, minivault_25
Elf:2:    layout_loops_ring, serial_shops, nicolae_shop_statue_plus, shop,
          minivault_16, uniq_saint_roka
Elf:3:    minmay_elf_hall_hex, layout_geoelf_diagonals
Vaults:1: nicolae_vaults_circle_grid_b, v_alt_pattern_1, hangedman_vaults_maws,
          v_misc_4, v_alt_pattern_2, grunt_vaults_focal,
          ontoclasm_vaults_ligature, layout_vaults_omnigrid
Vaults:2: v_misc_1, nicolae_vaults_display_case, vaults_room_octagon,
          hangedman_vaults_river_flow, vaults_room_semicircle,
          nicolae_vaults_stairing_the_circle, vaults_room_corners, v_misc_4,
          hangedman_vaults_nails, serial_ice_g, vaults_room_door_ring,
          layout_vaults_ring, serial_shops, shop, serial_glass
Vaults:3: ontoclasm_vaults_chip, minmay_crypt_entry_vampire_xt,
          ontoclasm_vaults_chip, v_misc_17, hangedman_vaults_snaps,
          nicolae_vaults_angled_halls, grunt_vaults_hallway_short, v_misc_27,
          v_pattern_2, nicolae_vaults_statue_guard, ontoclasm_vaults_gateway,
          grunt_vaults_hallway_long, layout_vaults_omnibox, serial_shops,
          shop_fountains
Vaults:4: ontoclasm_vaults_ring_large, hangedman_vaults_stream, v_misc_5,
          vaults_mumra_minichess, hangedman_vaults_trim, ontoclasm_vaults_fault,
          vaults_dpeg_spiral, nicolae_vaults_shelves_hall,
          nicolae_vaults_alarming, nicolae_vaults_little_squares_5,
          dpeg_vaults_monster_box, nicolae_vaults_little_squares_2,
          layout_vaults_omnicross, serial_shops, shop, shop,
          nicolae_shop_statue_plus, shop_fountains, nicolae_shop_stone
Vaults:5: uniq_margery

Skill      XL: |  1  2  3  4  5  6  7  8  9 10 11 12 13 14 15 16 17 18 19 20 21 |
---------------+----------------------------------------------------------------+-----
Fighting       | 4 5 7 8 9 10 11 12 13 14 15 16 17 18 19 | 19.4
Long Blades    | 3 4 5 6 7 8 10 11 12 14 15 16 17 18 19 20 | 20.4
Armour         | 4 5 6 7 8 9 10 11 12 13 14 15 16 | 16.7
Shields        | 4 5 6 7 9 11 12 14 16 18 20 21 23 24 25 26 27 | 27.0
Dodging        | 1 3 4 5 6 7 8 |  8.4
Evocations     | 1 |  1.4
Invocations    | 1 2 |  2.7
Stealth        | 1 2 |  2.2

Action                   |  1- 3 |  4- 6 |  7- 9 | 10-12 | 13-15 | 16-18 | 19-21 || total
-------------------------+-------+-------+-------+-------+-------+-------+-------++-------
Melee: Long sword        |    95 |   195 |   321 |       |       |       |   134 ||   745
       Headbutt          |    11 |    35 |    95 |   243 |   357 |   378 |   484 ||  1603
       Falchion          |       |       |   257 |   987 |   166 |       |       ||  1410
       Demon blade       |       |       |       |       |  1208 |  1309 |  1239 ||  3756
Invok: Heroism           |       |       |       |     8 |     6 |     4 |     5 ||    23
       Finesse           |       |       |       |       |       |     1 |       ||     1
Evoke: Wand              |       |       |     2 |    14 |       |     5 |       ||    21
  Use: Scroll            |     3 |       |       |     9 |    13 |    12 |    10 ||    47
       Potion            |     2 |     1 |     3 |     1 |       |     3 |     3 ||    13
  Eat: Chunk             |     1 |     6 |    12 |    16 |    44 |    50 |    37 ||   166
       Ration            |       |       |     1 |     2 |     1 |       |       ||     4
Armor: Scale mail        |    42 |       |       |       |       |       |       ||    42
       Plate armour      |     1 |   112 |   212 |    25 |       |       |       ||   350
       Crystal plate arm |       |       |       |   350 |   418 |       |       ||   768
       Chain mail        |       |       |       |       |   195 |   404 |   399 ||   998
Dodge: Dodged            |    35 |     8 |    42 |    64 |   233 |   304 |   360 ||  1046
Block: Shield            |    40 |       |       |       |       |       |       ||    40
       Large shield      |    30 |   156 |   479 |   874 |  1792 |  1628 |  1862 ||  6821
       Rpst.: Long sword |    13 |     2 |     4 |       |       |       |     5 ||    24
       Falchion          |       |       |     9 |    15 |     4 |       |       ||    28
       Demon blade       |       |       |       |       |    35 |    52 |    55 ||   142
